 Dungeon Crawl Stone Soup version 0.27-a0-1090-gb115f176c6 (webtiles) character file.

Game seed: 3430195899828921108

33 voltaire321 the Chopper (level 3, -3/28 HPs)
             Began as a Demonspawn Gladiator on Apr 27, 2021.
             Slain by a goblin
             ... wielding a +0 club
             ... led by Robin
              (4 damage)
             ... on level 2 of the Dungeon.
             The game lasted 00:02:11 (1583 turns).

voltaire321 the Chopper (Demonspawn Gladiator)      Turns: 1583, Time: 00:02:11

Health: -3/28      AC:  4    Str: 14    XL:     3   Next: 12%
Magic:  3/3        EV: 12    Int:  9    God:
Gold:   44         SH:  0    Dex: 15    Spells: 2/2 levels left

rFire    . . .     SeeInvis .   a - +0 war axe
rCold    . . .     Faith    .   (no shield)
rNeg     . . .     Spirit   .   b - +0 leather armour
rPois    .         Reflect  .   c - +0 helmet
rElec    .         Harm     .   (no cloak)
rCorr    .         Rampage  .   (no gloves)
Will     .....                  (no boots)
Stlth    +.........             (no amulet)
HPRegen  0.09/turn              (no ring)
MPRegen  0.08/turn              (no ring)

@: no status effects
A: talons 2
a: no special abilities


You were on level 2 of the Dungeon.
You visited 1 branch of the dungeon, and saw 2 of its levels.

You collected 44 gold pieces.

Inventory:

Hand Weapons
 a - a +0 war axe (weapon)
Missiles
 d - 3 throwing nets (quivered)
Armour
 b - a +0 leather armour (worn)
 c - a +0 helmet (worn)
Scrolls
 e - a scroll of blinking {unknown}
 f - a scroll of identify {unknown}
 h - a scroll of immolation {unknown}
Potions
 g - a potion of attraction {unknown}


   Skills:
 + Level 2.4 Fighting
 + Level 3.0 Axes
 + Level 2.2 Throwing
 + Level 3.0 Dodging


You had 2 spell levels left.
You didn't know any spells.
Your spell library was empty.

Dungeon Overview and Level Annotations

Branches:
Dungeon (2/15)

Altars:

Annotations:
D:2 Robin


Innate Abilities, Weirdness & Mutations

You have razor-sharp toenails.


Message History

A rat comes into view.
The rat bites you.
You closely miss the rat. The rat completely misses you.
You closely miss the rat. You claw the rat.
You kill the rat!
A quokka comes into view.
You hit the quokka. You claw the quokka.
You kill the quokka!
You see here a quokka corpse.
A goblin and Robin come into view.
Robin is wielding a +2 vampiric short sword.
Robin throws the goblin at you!
A goblin comes into view.
It is wielding a +1 dagger of holy wrath.
The goblin shouts!
You hear a shout! x2
Robin throws the goblin at you! The goblin barely misses you.
You closely miss the goblin. You claw the goblin.
The goblin is moderately wounded.
The goblin hits you with a +0 club.
You closely miss the goblin.
The goblin is moderately wounded.
The goblin hits you but does no damage.
Robin roars a battlecry!
The goblins go into a battle-frenzy!
You hear a shout! x2
You hit the goblin but do no damage.
The goblin is moderately wounded.
You hit the goblin. The goblin closely misses you.
The goblin hits you with a +1 dagger of holy wrath.
You convulse.
The goblin hits you with a +0 club.
The goblin hits you with a +1 dagger of holy wrath.
You convulse.
You barely miss the goblin. Your kick misses the goblin.
The goblin is moderately wounded.
Robin throws the goblin at you!
The goblin hits you with a +1 dagger of holy wrath.
* * * LOW HITPOINT WARNING * * *
You convulse.
* * * LOW HITPOINT WARNING * * *
The goblin hits you with a +0 club.
You die...

.#############
........g..g.#
g###########.#
#.# #g# #@#
#g# ##.##
#...# #.#.#
#...# #.###
#.# #.#


You could see Robin and 2 goblins.

Vanquished Creatures
  An adder (D:2)
  A dart slug (D:2)
  An endoplasm (D:1)
  A giant cockroach (D:1)
  3 hobgoblins (D:1)
  2 quokkas
  5 ball pythons
  2 bats (D:1)
  3 goblins (D:1)
  4 rats
23 creatures vanquished.

Notes
Turn   | Place    | Note
-------+----------+-------------------------------------------
     0 | D:1      | voltaire321 the Demonspawn Gladiator began the quest for
                  | the Orb.
     0 | D:1      | Reached XP level 1. HP: 16/16 MP: 1/1
   800 | D:1      | Gained mutation: You have sharp toenails. [demonic
                  | ancestry]
   800 | D:1      | Reached XP level 2. HP: 18/22 MP: 2/2
  1389 | D:2      | Gained mutation: You have razor-sharp toenails. [demonic
                  | ancestry]
  1389 | D:2      | Reached XP level 3. HP: 23/28 MP: 3/3
  1568 | D:2      | Noticed Robin
  1583 | D:2      | HP: 1/28 [goblin/+1 dagger of holy wrath[Robin] (6)]
  1583 | D:2      | Slain by a goblin

Illustrated notes

Levels and vault maps discovered:
D:1:      wander_arrival_desolate, layout_basic, minmay_misc_feat_more_columns
D:2:      layout_loops_ring, uniq_robin

Skill      XL: |  1  2 |
---------------+-------+-----
Throwing       | 2 |  2.2
Axes           | 3 |  3.0
Dodging        | 3 |  3.0
Fighting       | |  2.4

Action                   || total
-------------------------++-------
Melee: War axe           ||    55
       Kick              ||     6
 Stab: Sleeping          ||     1
Armor: Leather armour    ||    13
Dodge: Dodged            ||    27

Table legend: (Time is in decaauts)
 A = Elapsed time spent in this place.
 B = Non-inter-level travel time spent in this place.
 C = Inter-level travel time spent in this place.
 D = Time resting spent in this place.
 E = Time spent auto-exploring this place.
 F = Levels seen in this place.
 G = Mean time per level.
                   A        B        C        D        E       F      G
               +--------+--------+--------+--------+--------+-----+--------+
         Total |   1602 |   1564 |     38 |    534 |    835 |   2 |  801.0 |
       Dungeon |   1602 |   1564 |     38 |    534 |    835 |   2 |  801.0 |
               +--------+--------+--------+--------+--------+-----+--------+

Top non-repeatable levels by time:
     D:1: 1258 daAuts
     D:2: 343 daAuts
